 Dungeon Crawl Stone Soup version 0.23-a0-422-g30b1108 (webtiles) character file.

256 FlobFlarker the Poker (level 6, 0/51 HPs)
             Began as a Hill Orc Monk on Nov 14, 2018.
             Slain by an unseen horror (4 damage)
             ... on level 4 of the Dungeon.
             The game lasted 00:05:59 (3502 turns).

FlobFlarker the Poker (Hill Orc Monk)               Turns: 3502, Time: 00:06:00

Health: 0/51       AC:  8    Str: 15 (16) XL:     6   Next: 15%
Magic:  6/6        EV:  7    Int:  7 (10) God:
Gold:   203        SH:  4    Dex: 10 (13) Spells: 5/5 levels left

rFire    . . .     SeeInvis .   a - +0 spear
rCold    . . .     Gourm    .   x - +0 buckler
rNeg     . . .     Faith    .   m - +0 chain mail
rPois    .         Spirit   .   (no helmet)
rElec    .         Reflect  .   (no cloak)
rCorr    .         Harm     .   (no gloves)
MR       .....                  (no boots)
Stlth    ..........             (no amulet)
HPRegen  0.17/turn              (no ring)
MPRegen  0.10/turn              (no ring)

@: no status effects
A: no striking features
a: no special abilities


You were on level 4 of the Dungeon.
You were not hungry.

You visited 1 branch of the dungeon, and saw 4 of its levels.

You collected 203 gold pieces.

Inventory:

Hand Weapons
 a - a +0 spear (weapon)
Missiles
 h - 70 stones (quivered)
Armour
 b - a +0 robe
 m - a +0 chain mail (worn)
 x - a +0 buckler (worn)
Jewellery
 i - an uncursed ring of see invisible {unknown}
 p - an uncursed ring of magical power {unknown}
 t - a cursed amulet of inaccuracy {unknown}
 y - a +6 amulet of reflection {unknown}
 D - a +2 ring of dexterity {unknown}
Wands
 r - a wand of polymorph (5)
Scrolls
 d - a scroll of noise {unknown}
 e - 7 scrolls of identify {unknown}
 g - 2 scrolls of immolation {unknown}
 k - a scroll of blinking {unknown}
 l - a scroll of amnesia {unknown}
 o - 2 scrolls of remove curse {unknown}
 s - 2 scrolls of teleportation {unknown}
 A - a scroll of magic mapping {unknown}
Potions
 j - a potion of lignification {unknown}
 n - 3 potions of curing {unknown}
 q - a potion of berserk rage {unknown}
 u - a potion of heal wounds {unknown}
 v - 2 potions of brilliance {unknown}
 w - 2 potions of resistance {unknown}
 z - 2 potions of haste {unknown}
 C - a potion of agility {unknown}
Comestibles
 c - 7 rations
 B - 5 chunks of flesh


   Skills:
 - Level 3.6 Fighting
 * Level 5.8 Polearms
 + Level 2.7 Armour
 - Level 3.0 Dodging
 - Level 1.5 Stealth
 + Level 1.9 Shields


You had 5 spell levels left.
You didn't know any spells.
Your spell library was empty.

Dungeon Overview and Level Annotations

Branches:
Dungeon (4/15)
 Temple: D:4-7

Altars:
Dithmenos


Message History

Something hits you. Something hits you! Something hits you.
You see here a dagger.
Something hits you but does no damage. Something hits you. Something hits you.
* * * LOW HITPOINT WARNING * * *
Something hits you but does no damage. Something hits you but does no damage.
Something hits you!
* * * LOW HITPOINT WARNING * * *
Something hits you.
* * * LOW HITPOINT WARNING * * *
Something hits you but does no damage. Something hits you but does no damage.
Something hits you but does no damage.
There is a stone staircase leading down here.
Something hits you.
You die...

#.............##.##....
####.#######....#......
#.# ###..#...#.... #.#
###..#...#...#.. #.#
#..#...#...#...#
#.###....#...#...#..
##......#...#...#...#
#.........#...#...#..
#.#.@...#...#...#...#
#.#.......#...#...#..
#.#.....#...#...#...#
#.#.......#...#)..#..
#.#.......[.#...#...#
#.#........#..#.รทรท..<
##.#............####..
#...###.........# #..
#...###.........#####.


There were no monsters in sight!

Vanquished Creatures
  A scorpion (D:4)
  A hound (D:4)
  2 worker ants (D:4)
  5 adders
  2 oozes (D:2)
  3 dart slugs
  A leopard gecko (D:1)
  An orc (D:3)
  4 bats
  9 giant cockroaches
  10 goblins
  7 hobgoblins
  2 jackals (D:4)
  9 kobolds
  A quokka (D:3)
  4 frilled lizards
  A quokka skeleton (D:4)
  7 rats
70 creatures vanquished.

Notes
Turn   | Place    | Note
-------+----------+-------------------------------------------
     0 | D:1      | FlobFlarker the Hill Orc Monk began the quest for the Orb.
     0 | D:1      | Reached XP level 1. HP: 19/19 MP: 1/1
   220 | D:1      | Reached XP level 2. HP: 23/26 MP: 2/2
   481 | D:1      | Reached skill level 4 in Polearms
   573 | D:1      | Reached XP level 3. HP: 31/31 MP: 3/3
   971 | D:2      | Reached skill level 1 in Armour
  1337 | D:2      | Reached XP level 4. HP: 38/39 MP: 4/4
  2169 | D:3      | Reached skill level 5 in Polearms
  2169 | D:3      | Reached XP level 5. HP: 24/45 MP: 5/5
  2834 | D:4      | Reached skill level 1 in Shields
  3042 | D:4      | Found a shadowy altar of Dithmenos.
  3083 | D:4      | Reached XP level 6. HP: 34/51 MP: 6/6
  3458 | D:4      | Noticed a black bear
  3469 | D:4      | a black bear changed into something unseen
  3502 | D:4      | Slain by an unseen horror

Vault maps used:
D:1:      shiori_arrival_maze, corner_web_ring, supply_closet_lemuel,
          lemuel_another_geyser
D:2:      first_ration, kennysheep_minor_cross, st_stairs_10
D:4:      black_bear_nest_1, grunt_dithmenos_smoke_and_mirrors, hex_medium

Skill      XL: |  1  2  3  4  5 |
---------------+----------------+-----
Polearms       | 4 5 |  5.8
Armour         | 1 2 |  2.7
Dodging        | 3 |  3.0
Shields        | 1 |  1.9
Fighting       | |  3.6
Stealth        | |  1.5

Action                   |  1- 3 |  4- 6 || total
-------------------------+-------+-------++-------
Melee: Spear             |   176 |   179 ||   355
Evoke: Wand              |       |     2 ||     2
  Use: Potion            |       |     1 ||     1
 Stab: Sleeping          |     4 |       ||     4
  Eat: Chunk             |     2 |       ||     2
       Ration            |       |     2 ||     2
Armor: Robe              |     5 |       ||     5
       Scale mail        |     6 |       ||     6
       Chain mail        |    50 |    87 ||   137
Dodge: Dodged            |    61 |    46 ||   107
Block: Buckler           |       |    18 ||    18

Table legend:
 A = Non-vault XP
 B = Vault XP
 C = Vault XP percentage of total XP
 D = Non-vault monster count
 E = Vault monster count
 F = Vault count percentage of total count
                 A         B        C        D         E       F
            +---------+---------+-------+---------+---------+-------
      Total |     358 |       8 |   2.2 |      66 |       4 |   5.7
            +---------+---------+-------+---------+---------+-------
        D:1 |      43 |       4 |   8.5 |      23 |       2 |   8.0
        D:2 |      67 |       4 |   5.6 |      19 |       2 |   9.5
        D:3 |      59 |       0 |   0.0 |      14 |       0 |   0.0
        D:4 |     189 |       0 |   0.0 |      10 |       0 |   0.0
            +---------+---------+-------+---------+---------+-------
